 Dungeon Crawl Stone Soup version 0.31-a0-229-g1fc7ce93e2 (webtiles) character file.

Game seed: 12835019954731001105

347 qw the Shooter (level 6, -4/52 HPs)
             Began as a Minotaur Hexslinger on July 6, 2023.
             Killed by nerve-wracking pain
             ... invoked by Grinder
              (11 damage)
             ... on level 5 of the Dungeon.
             The game lasted 00:01:11 (3111 turns).

qw the Shooter (Minotaur Hexslinger)                Turns: 3111, Time: 00:01:12

Health: -4/52      AC:  5    Str: 18    XL:     6   Next: 33%
Magic:  6/6        EV: 11    Int: 10    God:
Gold:   126        SH:  0    Dex: 15    Spells: 6/7 levels left

rFire   . . .        Y - +1 sling
rCold   . . .        (no shield)
rNeg    . . .        d - +0 ring mail
rPois   .            (helmet restricted)
rElec   .            (no cloak)
rCorr   .            (no gloves)
SInv    .            (no boots)
Will    .....        (no amulet)
Stlth   +            c - +6 ring of strength
HPRegen 0.28/turn    (no ring)
MPRegen 0.10/turn

%: no passive effects
@: no status effects
A: horns 2, retaliatory headbutt
a: no special abilities


You were on level 5 of the Dungeon.
You visited 1 branch of the dungeon, and saw 5 of its levels.

You collected 226 gold pieces.
You spent 100 gold pieces at shops.


Innate Abilities, Weirdness & Mutations

You have a pair of horns on your head.
You reflexively headbutt those who attack you in melee.


   Skills:
 - Level 4.0 Fighting
 + Level 6.3 Ranged Weapons
 - Level 1.2 Armour
 - Level 2.1 Dodging
 - Level 1.0 Spellcasting
 - Level 2.0 Hexes


You had 6 spell levels left.
You knew the following spells:

 Your Spells              Type           Power      Damage    Failure   Level
a - Slow                  Hex            16%        N/A       26%         1

Your spell library contained the following spells:

 Spells                   Type           Power      Damage    Failure   Level
 Inner Flame              Hex/Fire       2%         N/A       77%         3
 Portal Projectile        Hex/Tloc       4%         N/A       77%         3
 Cause Fear               Hex            2%         N/A       95%         4

Inventory:

Hand Weapons
 Y - a +1 sling (weapon)
Armour
 d - a +0 ring mail (worn)
Jewellery
 c - a +6 ring of strength (left hand)
Scrolls
 b - a scroll of acquirement {unknown}
 f - a scroll of identify
Potions
 a - a potion of haste {unknown}
 e - 2 potions of curing
 g - a potion of brilliance {unknown}
 h - a potion of attraction {unknown}
 i - 2 potions of degeneration {unknown}
 l - 3 potions of enlightenment

Dungeon Overview and Level Annotations

Branches:
Dungeon (5/15)
 Temple: D:4-7

Altars:
Ashenzari
Dithmenos
Hepliaklqana

Shops:
D:3 !

Annotations:
D:5 Grinder


Message History

Grinder is lightly wounded.
Grinder hits you!
You writhe in agony.
You shoot a sling bullet.
The sling bullet hits Grinder but does no damage.
Grinder is lightly wounded.
Grinder hits you!
You writhe in agony.
You shoot a sling bullet. The sling bullet barely misses Grinder.
Grinder closely misses you. Grinder barely misses you. You furiously retaliate!
You headbutt Grinder, but do no damage. You shoot a sling bullet.
The sling bullet hits Grinder.
Grinder is lightly wounded.
Grinder hits you.
You writhe in agony.
You shoot a sling bullet. The sling bullet hits Grinder.
Grinder is moderately wounded.
Grinder closely misses you. You furiously retaliate!
You headbutt Grinder, but do no damage. You shoot a sling bullet.
The sling bullet hits Grinder.
Grinder is moderately wounded.
Grinder barely misses you.
You shoot a sling bullet. The sling bullet hits Grinder!
Grinder is moderately wounded.
Grinder blinks!
You shoot a sling bullet. The sling bullet hits Grinder!
Grinder is heavily wounded.
You shoot a sling bullet.
The sling bullet closely misses Grinder.
You shoot a sling bullet. The sling bullet hits Grinder.
Grinder is heavily wounded.
You shoot a sling bullet.
The sling bullet closely misses Grinder.
Grinder drinks a potion.
Grinder is healed!
You shoot a sling bullet.
The sling bullet closely misses Grinder.
Grinder hits you!
You shoot a sling bullet.
The sling bullet closely misses Grinder.
Grinder barely misses you. Grinder gestures at you.
Pain shoots through your body!
You die...

#.#..#.#.#.#...!# #
##............### #
#..#.#.#.#......
#.#.............+#####
#....#.#.#.#....#.....
####............+....
#...#.#.#.#......#
#..............5.+
#...##.........@$#
#...####.####..........
##...# #.# #..#.....#.
.....####.. #..#.#####
.....'..... ...#.#
..5..##### ##....#
.........# #.#####
#.#......# #.. ... .#
.........#############
#.#


You could see Grinder.

Vanquished Creatures
  A phantom (D:5)
  A howler monkey (D:5)
  2 jellies
  A sleepcap (D:5)
  5 adders
  2 white imps (D:5)
  2 worms
  5 dart slugs
  An orc (D:3)
  9 endoplasms
  4 giant cockroaches
  10 goblins
  4 hobgoblins
  3 jackals (D:3)
  3 quokkas
  5 ball pythons
  3 bats
  2 frilled lizards
  5 kobolds (D:1)
  6 rats
74 creatures vanquished.

Notes
Turn   | Place    | Note
-------+----------+-------------------------------------------
     0 | D:1      | qw the Minotaur Hexslinger began the quest for the Orb.
     0 | D:1      | Reached XP level 1. HP: 16/16 MP: 1/1
     0 | D:1      | 0 ||| qw: Version: 0.3-a-46-gb1f654a
     0 | D:1      | 0 ||| qw: Game counter: 1165
     0 | D:1      | 0 ||| qw: Melee chars always use a shield: true
     0 | D:1      | 0 ||| qw: God list: Okawaru
     0 | D:1      | 0 ||| qw: Allow faded altars: false
     0 | D:1      | 0 ||| qw: Do Orc after clearing Dungeon:15 true
     0 | D:1      | 0 ||| qw: Do second Lair branch before Depths: true
     0 | D:1      | 0 ||| qw: Lair rune preference: random
     0 | D:1      | 0 ||| qw: Goals: Normal
     0 | D:1      | 0 ||| PLANNING D:1-11
    86 | D:1      | 86 ||| FLEEEEING.
    87 | D:1      | 87 ||| FLEEEEING.
    88 | D:1      | 88 ||| FLEEEEING.
    89 | D:1      | 89 ||| FLEEEEING.
    90 | D:1      | 90 ||| FLEEEEING.
    91 | D:1      | 91 ||| FLEEEEING.
    92 | D:1      | 92 ||| FLEEEEING.
    93 | D:1      | 93 ||| FLEEEEING.
    94 | D:1      | 94 ||| FLEEEEING.
    98 | D:1      | Reached skill level 3 in Ranged Weapons
    98 | D:1      | Reached XP level 2. HP: 22/23 MP: 2/2
   383 | D:1      | Reached XP level 3. HP: 28/29 MP: 3/3
   623 | D:1      | 623 ||| UPGRADING to +0 ring mail.
   633 | D:1      | 633 ||| DROPPING +0 robe.
   634 | D:1      | 634 ||| DROPPING ring of flight.
   635 | D:1      | 635 ||| READING scroll labelled ZASEOX POITT.
   636 | D:1      | 636 ||| READING scroll labelled BAFEOV JENUFORCH.
   637 | D:1      | 637 ||| READING 2 scrolls labelled EWNYAM ZEOFOS.
   638 | D:1      | 638 ||| DRINKING 2 brown potions.
   639 | D:1      | 639 ||| DROPPING scroll of poison.
   640 | D:1      | 640 ||| DROPPING scroll of revelation.
   888 | D:2      | Reached skill level 4 in Ranged Weapons
   998 | D:2      | Reached skill level 1 in Armour
  1422 | D:2      | 1422 ||| READING 2 scrolls labelled WIRATO LICASE.
  1423 | D:2      | 1423 ||| READING scroll labelled ISONWY QUOPEXO.
  1428 | D:2      | 1428 ||| DROPPING scroll of noise.
  1494 | D:3      | Reached XP level 4. HP: 36/36 MP: 4/4
  1630 | D:3      | Found Paggoir's Distillery.
  1650 | D:3      | 1650 ||| BUYING 2 potions of enlightenment (100 gold).
  1650 | D:3      | Bought 2 potions of enlightenment for 100 gold pieces
  1650 | D:3      | 1650 ||| SHOPLISTING potion of cancellation (80 gold, have
                  | 13).
  1650 | D:3      | 1650 ||| SHOPLISTING potion of haste (100 gold, have 13).
  1650 | D:3      | 1650 ||| SHOPLISTING potion of resistance (100 gold, have
                  | 13).
  1693 | D:3      | Found a hazy altar of Hepliaklqana.
  1694 | D:3      | Found a shadowy altar of Dithmenos.
  1695 | D:3      | Noticed a shadow
  1774 | D:3      | Found a broken altar of Ashenzari.
  2004 | D:3      | Reached skill level 5 in Ranged Weapons
  2233 | D:3      | 2233 ||| UPGRADING to +6 ring of strength.
  2234 | D:3      | 2234 ||| READING 2 scrolls labelled IFUN HOXOMI.
  2235 | D:3      | 2235 ||| DROPPING scroll of vulnerability.
  2376 | D:4      | Reached XP level 5. HP: 42/42 MP: 5/5
  2561 | D:4      | 2561 ||| READING scroll labelled DOMEAM PIBIWUI.
  2562 | D:4      | 2562 ||| DRINKING 2 bubbling amethyst potions.
  2579 | D:5      | Entered Level 5 of the Dungeon
  2596 | D:5      | Reached skill level 3 in Fighting
  2694 | D:5      | Noticed a phantom
  2702 | D:5      | Noticed Grinder
  2704 | D:5      | Killed a phantom
  2705 | D:5      | Reached skill level 6 in Ranged Weapons
  2705 | D:5      | Reached XP level 6. HP: 37/51 MP: 6/6
  2713 | D:5      | HP: 9/51 [Grinder (4)]
  2714 | D:5      | 2714 ||| READING scroll of teleportation.
  2715 | D:5      | 2715 ||| DRINKING potion of heal wounds.
  2723 | D:5      | HP: 12/51 [white imp (1)]
  3102 | D:5      | HP: 13/52 [Grinder (5)]
  3110 | D:5      | HP: 7/52 [Grinder (9)]
  3111 | D:5      | Killed from afar by Grinder

Levels and vault maps discovered:
D:1:      scummos_arrival_hexagon, layout_basic, minmay_three_crescents
D:2:      layout_loops_ring, kennysheep_cross_bottleneck
D:3:      layout_basic, cheibrodos_ashenzari_chains,
          riverfiend_overflow_shadow_ancestor, serial_shops, shop,
          chequers_serial_rivers_small_3
D:4:      layout_rooms
D:5:      layout_basic, serial_shops, kennysheep_mini_moat,
          serial_co_window_serial, co_window_corner_a, co_window_corner_a,
          co_window_of_opportunity_a, co_window_paths_b, co_window_paths_a,
          co_window_paths_b, co_window_corner_b, co_window_broadway_c,
          co_window_corner_b, co_window_paths_c, co_window_corner_ca,
          co_window_paths_c, co_window_broadway_c, glass_columns_b,
          glass_columns_a, glass_columns_c, kennysheep_generic_room_4,
          uniq_edmund, uniq_grinder

Skill      XL: |  1  2  3  4  5  6 |
---------------+-------------------+-----
Ranged Weapons | 3 4 5 6 |  6.3
Fighting       | 2 3 4 |  4.0
Armour         | 1 |  1.2
Dodging        | |  2.1
Spellcasting   | |  1.0
Hexes          | |  2.0

Action                     |  1- 3 |  4- 6 || total
---------------------------+-------+-------++-------
   Fire: Sling             |   109 |   166 ||   275
    Use: Scroll            |     5 |     3 ||     8
         Potion            |     1 |     2 ||     3
 Armour: Ring mail         |    11 |    31 ||    42
  Dodge: Dodged            |    24 |    49 ||    73

Table legend:
 A = Non-vault XP
 B = Vault XP
 C = Vault XP percentage of total XP
 D = Non-vault monster count
 E = Vault monster count
 F = Vault count percentage of total count
                 A         B        C        D         E       F
            +---------+---------+-------+---------+---------+-------
      Total |     446 |      51 |  10.3 |      67 |       7 |   9.5
            +---------+---------+-------+---------+---------+-------
        D:1 |      37 |      12 |  24.5 |      23 |       6 |  20.7
        D:2 |      46 |       0 |   0.0 |      12 |       0 |   0.0
        D:3 |      89 |       0 |   0.0 |      18 |       0 |   0.0
        D:4 |      16 |       0 |   0.0 |       7 |       0 |   0.0
        D:5 |     258 |      39 |  13.1 |       7 |       1 |  12.5
            +---------+---------+-------+---------+---------+-------
